 Dungeon Crawl Stone Soup version 0.23.2-30-g0e89c35649 (webtiles) character file.

Game seed: 9241840187190808114

15680 Matador8 the Fighter (level 12, -12/104 HPs)
             Began as a White Draconian Fire Elementalist on June 19, 2019.
             Was an Elder of Vehumet.
             Mangled by Snorg (14 damage)
             ... on level 3 of the Lair of Beasts.
             The game lasted 01:53:08 (18302 turns).

Matador8 the Fighter (DrFE)                        Turns: 18302, Time: 01:53:08

Health: -12/104    AC: 12    Str: 12    XL:     12   Next: 3%
Magic:  13/19      EV: 16    Int: 19    God:    Vehumet [****..]
Gold:   944        SH:  0    Dex: 12    Spells: 3/21 levels left

rFire    . . .     SeeInvis .   a - +0 spear (venom)
rCold    + . .     Gourm    .   (no shield)
rNeg     . . .     Faith    .   (armour unavailable)
rPois    .         Spirit   .   (helmet restricted)
rElec    .         Reflect  .   M - +0 cloak
rCorr    .         Harm     .   D - +1 pair of gloves {archery}
MR       .....                  X - +0 pair of boots
Stlth    ++........             (no amulet)
HPRegen  0.27/turn              (no ring)
MPRegen  0.16/turn              (no ring)

@: no status effects
A: breathe frost, unfitting armour, cold resistance 1, cold-blooded, AC +8
a: Breathe Frost, Renounce Religion


You were on level 3 of the Lair of Beasts.
You worshipped Vehumet.
Vehumet was greatly pleased with you.
You were hungry.

You visited 3 branches of the dungeon, and saw 14 of its levels.

You collected 970 gold pieces.
You spent 26 gold pieces at shops.

Inventory:

Hand Weapons
 a - a +0 spear of venom (weapon)
 b - a +0 blowgun
 v - a +0 short sword
 F - a +2 whip of venom
 I - a +0 shortbow
Missiles
 e - 47 sling bullets
 n - 8 needles of paralysis
 q - 52 poisoned needles
 C - 4 javelins (quivered)
 E - 4 curare-tipped needles
 H - 128 arrows
 Q - 5 needles of confusion
Armour
 D - a +1 pair of gloves of archery (worn)
 M - a +0 cloak (worn)
 X - a +0 pair of boots (worn)
Magical Staves
 W - an uncursed staff of earth {unknown}
Jewellery
 x - an uncursed amulet of guardian spirit {unknown}
 R - an uncursed ring of flight {unknown}
 S - a cursed ring of attention {unknown}
Wands
 m - a wand of flame (13)
 r - a wand of iceblast (7)
 y - a wand of paralysis (18)
Scrolls
 f - 3 scrolls of enchant armour {unknown}
 g - 9 scrolls of remove curse
 h - 6 scrolls of identify
 i - 5 scrolls of fear
 k - 3 scrolls of fog {unknown}
 o - 3 scrolls of teleportation
 s - a scroll of blinking {unknown}
 u - 3 scrolls of amnesia
 G - 2 scrolls of magic mapping {unknown}
 L - a scroll of torment {unknown}
 N - a scroll of vulnerability {unknown}
Potions
 c - 3 potions of might
 j - 6 potions of lignification
 l - a potion of curing
 t - 3 potions of invisibility {unknown}
 w - 2 potions of mutation {unknown}
 z - 2 potions of degeneration {unknown}
 A - a potion of cancellation {unknown}
 B - a potion of ambrosia {unknown}
 J - a potion of magic {unknown}
 K - a potion of agility {unknown}
 O - a potion of flight {unknown}
 P - a potion of resistance {unknown}
 U - a potion of haste {unknown}
Miscellaneous
 T - a phantom mirror
Comestibles
 p - 20 rations


   Skills:
 - Level 9.2 Fighting
 - Level 8.0 Polearms
 - Level 4.1 Throwing
 - Level 8.3 Dodging
 - Level 1.7 Stealth
 - Level 5.1 Spellcasting
 - Level 7.7 Conjurations
 + Level 2.9 Hexes
 - Level 6.2 Fire Magic
 + Level 3.1 Evocations


You had 3 spell levels left.
You knew the following spells:

 Your Spells              Type           Power        Failure   Level  Hunger
a - Flame Tongue          Conj/Fire      ####.        1%          1    None
b - Conjure Flame         Conj/Fire      ####....     1%          3    ##.....
c - Throw Flame           Conj/Fire      ####..       1%          2    #......
d - Fireball              Conj/Fire      ####......   5%          5    ######.
e - Fulminant Prism       Conj/Hex       ####......   4%          4    ####...
f - Dazzling Spray        Conj/Hex       ####..       1%          3    ##.....

Your spell library contained the following spells:

 Spells                   Type           Power        Failure   Level  Hunger
 Olgreb's Toxic Radiance  Pois           #.......     30%         4    ####...
 Magic Dart               Conj           ####         1%          1    None
 Searing Ray              Conj           ####..       1%          2    #......
 Inner Flame              Hex/Fire       ###.....     1%          3    ##.....
 Beastly Appendage        Tmut           #.....       12%         1    None
 Infusion                 Chrm           #...         12%         1    None
 Shroud of Golubria       Chrm/Tloc      #.........   19%         2    #......
 Song of Slaying          Chrm           #.......     19%         2    #......
 Sticks to Snakes         Tmut           #.......     19%         2    #......
 Spectral Weapon          Hex/Chrm       ##......     21%         3    ##.....
 Regeneration             Chrm/Necr      #.........   36%         3    ##.....
 Spider Form              Tmut/Pois      #.........   36%         3    ##.....
 Iskenderun's Mystic Bla  Conj           ####....     1%          4    ####...
 Sticky Flame             Conj/Fire      ####....     1%          4    ####...
 Force Lance              Conj/Tloc      ###.....     7%          4    ####...
 Ice Form                 Ice/Tmut       #.......     77%         4    ####...
 Blade Hands              Tmut           #.........   98%         5    ######.


Dungeon Overview and Level Annotations

Branches:
Dungeon (10/15)            Temple (1/1) D:5            Lair (3/6) D:10
 Spider (0/4) Lair:2
  Swamp: Lair:2-4    Shoals: Lair:2-4       Orc: D:9-12

Altars:
Ashenzari
Cheibriados
Dithmenos
Elyvilon
Fedhas
Gozag
Hepliaklqana
Kikubaaqudgha
Makhleb
Nemelex Xobeh
Okawaru
Qazlal
Ru
Sif Muna
Trog
Uskayaw
Vehumet
Wu Jian
Xom
Yredelemnul
Zin
The Shining One

Shops:
D:6 *

Annotations:
Lair:3 Snorg


Innate Abilities, Weirdness & Mutations

You can breathe waves of freezing cold.
You can buffet flying creatures when you breathe cold.
Your icy white scales are hard. (AC +8)
You cannot fit into any form of body armour.
Your flesh is cold resistant. (rC+)
You are cold-blooded and may be slowed by cold attacks.


Message History

Snorg barely misses you.
You closely miss Snorg.
Snorg is moderately wounded.
Snorg is engulfed in blazing flames.
Snorg bites you!
* * * LOW HITPOINT WARNING * * *
Snorg claws you.
* * * LOW HITPOINT WARNING * * *
Snorg misses you.
Your fulminant prism explodes!
The blast of energy engulfs the fungus!!
The fungus is heavily damaged.
The blast of energy engulfs Snorg!!
Snorg is heavily wounded.
Snorg is engulfed in blazing flames.
Snorg bites you!
* * * LOW HITPOINT WARNING * * *
Snorg claws you!
* * * LOW HITPOINT WARNING * * *
Snorg claws you!
You die...

........†..................#..###
#.P.#..##.............)......#.##
...####.#...#.........#.......###
#...##.###......>............#.##
.#.........#..#..P...#PP.........
#..######.#...#.#................
#.## #....###§#..P##....###P ###
#..#...##..######...# ##
.....P.@T.P# ###..###.
.######...#### .....### ##..P#..#
.....### .........$...#.##
#..##...........## ##.#
.#...##...#.# P. ...
.......[..... .# ..#
##.......#### .P# #....#...####


You could see Snorg (berserk).

Vanquished Creatures
  A hydra (Lair:1)
  Nergalle (Lair:2)
  3 elephants (Lair:1)
  6 spiny frogs
  A komodo dragon (Lair:1)
  3 hippogriffs
  5 blink frogs (Lair:3)
  Sigmund (D:2)
  31 yaks
  2 hungry ghosts
  8 water moccasins
  2 wargs (D:10)
  4 porcupines
  2 orc warriors
  3 phantoms
  3 ogres
  3 crocodiles (Lair:3)
  4 centaurs
  A big kobold (D:7)
  5 bullfrogs
  2 scorpions
  3 killer bees
  2 electric eels (Lair:1)
  A howler monkey (D:5)
  3 crimson imps
  A centaur zombie (D:6)
  A bullfrog skeleton (D:10)
  9 hounds
  8 orc priests
  2 jellies
  10 orc wizards
  3 centaur skeletons
  Ijyb (D:3)
  Jessica (D:3)
  2 iguanas
  6 worker ants
  3 hound skeletons
  Robin (D:2)
  3 gnolls
  11 adders
  2 shadow imps
  2 worms
  2 dart slugs
  4 leopard geckos
  40 orcs
  2 ball pythons
  10 bats
  4 giant cockroaches
  15 goblins
  13 hobgoblins
  15 jackals
  19 kobolds
  5 quokkas
  A ball python skeleton (D:5)
  3 frilled lizards
  A jackal zombie (D:5)
  2 leopard gecko skeletons
  A quokka skeleton (D:6)
  7 rats
  2 fulminant prisms
312 creatures vanquished.

Vanquished Creatures (others)
  12 fulminant prisms
  5 fungi (Lair:3)
  3 plants (Lair:3)
20 creatures vanquished.

Grand Total: 332 creatures vanquished

Notes
Turn   | Place    | Note
-------+----------+-------------------------------------------
     0 | D:1      | Matador8 the Draconian Fire Elementalist began the quest
                  | for the Orb.
     0 | D:1      | Reached XP level 1. HP: 14/14 MP: 3/3
   491 | D:1      | Reached XP level 2. HP: 6/20 MP: 1/5
  1282 | D:2      | Reached XP level 3. HP: 16/26 MP: 7/7
  1344 | D:2      | Learned a level 3 spell: Conjure Flame
  1347 | D:2      | Learned a level 2 spell: Throw Flame
  1528 | D:2      | Noticed Robin
  1784 | D:1      | Reached XP level 4. HP: 16/33 MP: 2/8
  2016 | D:2      | Killed Robin
  2145 | D:2      | Noticed Sigmund
  2249 | D:3      | Noticed Ijyb
  2564 | D:3      | Noticed Jessica
  2590 | D:3      | Killed Jessica
  2590 | D:3      | Reached XP level 5. HP: 32/38 MP: 3/10
  3048 | D:3      | Found an iron altar of Okawaru.
  3137 | D:3      | Killed Ijyb
  3709 | D:2      | Found a blossoming altar of Fedhas.
  3934 | D:2      | Reached skill level 1 in Throwing
  4169 | D:4      | Reached XP level 6. HP: 45/45 MP: 2/12
  4710 | D:5      | Entered Level 5 of the Dungeon
  4735 | D:5      | Reached skill level 1 in Fighting
  4811 | D:5      | Your scales start taking on an icy white colour.
  4811 | D:5      | Reached XP level 7. HP: 52/52 MP: 3/13
  4811 | D:5      | Gained mutation: Your flesh is cold resistant. (rC+) [White
                  | Draconian growth]
  4930 | D:5      | Found a bloodstained altar of Trog.
  5070 | D:5      | Reached skill level 2 in Fighting
  5108 | D:5      | Reached skill level 1 in Polearms
  5589 | D:5      | Found a staircase to the Ecumenical Temple.
  5609 | Temple   | Entered the Ecumenical Temple
  5794 | Temple   | Became a worshipper of Vehumet
  6265 | D:2      | Killed Sigmund
  6265 | D:2      | Reached XP level 8. HP: 59/62 MP: 5/14
  6362 | D:6      | Reached skill level 3 in Fighting
  6797 | D:6      | Found a radiant altar of Vehumet.
  6819 | D:6      | Reached skill level 4 in Fighting
  7052 | D:6      | Found Soqomats's Serpentskin Sales.
  7094 | D:6      | Reached skill level 5 in Fighting
  7197 | D:6      | Bought 4 curare-tipped needles for 26 gold pieces
  7969 | D:7      | Found a snail-covered altar of Cheibriados.
  8062 | D:7      | Reached XP level 9. HP: 75/75 MP: 9/15
  8106 | D:7      | Found a snail-covered altar of Cheibriados.
  8130 | D:7      | Reached * piety under Vehumet
  8130 | D:7      | Offered knowledge of Magic Dart by Vehumet.
  8130 | D:7      | Reached skill level 6 in Fighting
  8889 | D:8      | Reached skill level 5 in Dodging
  9618 | D:8      | Offered knowledge of Throw Frost by Vehumet.
  9815 | D:8      | Reached ** piety under Vehumet
 10328 | D:9      | Reached skill level 5 in Polearms
 10914 | D:9      | Reached skill level 5 in Spellcasting
 10953 | D:9      | Offered knowledge of Static Discharge by Vehumet.
 10953 | D:9      | Reached XP level 10. HP: 77/84 MP: 5/17
 11353 | D:10     | Entered Level 10 of the Dungeon
 11804 | D:10     | Reached skill level 5 in Fire Magic
 11888 | D:10     | Noticed a gargoyle
 11903 | D:10     | Found a staircase to the Lair.
 11952 | D:10     | Reached *** piety under Vehumet
 11964 | D:10     | Reached skill level 5 in Conjurations
 12256 | Lair:1   | Entered Level 1 of the Lair of Beasts
 12288 | Lair:1   | Noticed a four-headed hydra
 12301 | Lair:1   | Killed a four-headed hydra
 12308 | Lair:1   | Learned a level 5 spell: Fireball
 12357 | Lair:1   | Noticed a spiny frog
 12387 | Lair:1   | Killed a spiny frog
 12876 | Lair:1   | Noticed a spiny frog
 12907 | Lair:1   | Killed a spiny frog
 13476 | Lair:2   | Noticed Nergalle
 13502 | Lair:2   | Found a hole to the Spider Nest.
 13502 | Lair:2   | Noticed a spiny frog
 13512 | Lair:1   | Killed a spiny frog
 13512 | Lair:1   | Reached XP level 11. HP: 51/91 MP: 4/18
 14828 | Lair:2   | Learned a level 4 spell: Fulminant Prism
 14832 | Lair:2   | Learned a level 3 spell: Dazzling Spray
 14872 | Lair:2   | Reached skill level 7 in Fighting
 15574 | Lair:2   | Offered knowledge of Olgreb's Toxic Radiance by Vehumet.
 16040 | Lair:2   | Killed Nergalle
 16040 | Lair:2   | Reached skill level 8 in Fighting
 17332 | Lair:3   | Reached skill level 9 in Fighting
 17358 | Lair:3   | Noticed Snorg
 17692 | Lair:3   | Found a radiant altar of Vehumet.
 17780 | Lair:3   | Reached skill level 1 in Evocations
 17824 | Lair:3   | Reached skill level 1 in Hexes
 18048 | Lair:3   | Reached XP level 12. HP: 60/104 MP: 14/19
 18055 | Lair:3   | Reached **** piety under Vehumet
 18302 | Lair:3   | HP: 2/104 [Snorg (8)]
 18302 | Lair:3   | Mangled by Snorg

Skill      XL: |  1  2  3  4  5  6  7  8  9 10 11 12 |
---------------+-------------------------------------+-----
Conjurations   | 2 3 4 7 |  7.7
Spellcasting   | 3 4 5 |  5.1
Throwing       | 1 3 4 |  4.1
Fire Magic     | 3 4 6 |  6.2
Dodging        | 2 3 4 6 8 |  8.3
Fighting       | 1 2 5 6 9 |  9.2
Polearms       | 4 6 7 8 |  8.0
Evocations     | 2 3 |  3.1
Hexes          | 2 |  2.9
Stealth        | |  1.7

Action                   |  1- 3 |  4- 6 |  7- 9 | 10-12 || total
-------------------------+-------+-------+-------+-------++-------
Melee: Short sword       |    73 |   113 |       |       ||   186
       Unarmed           |     5 |       |       |       ||     5
       Tailslap          |    13 |    12 |    46 |    64 ||   135
       Spear             |       |       |   395 |   483 ||   878
 Fire: Blowgun           |       |    21 |    19 |       ||    40
Throw: Javelin           |       |       |     2 |       ||     2
 Cast: Flame Tongue      |    34 |    87 |   110 |    43 ||   274
       Conjure Flame     |     2 |     3 |     8 |    22 ||    35
       Throw Flame       |     1 |    26 |    92 |    70 ||   189
       Fireball          |       |       |       |    11 ||    11
       Fulminant Prism   |       |       |       |    14 ||    14
       Dazzling Spray    |       |       |       |     1 ||     1
 Abil: Breathe Frost     |       |       |     1 |       ||     1
  Use: Scroll            |       |     4 |     6 |     2 ||    12
       Potion            |       |       |     3 |     5 ||     8
 Stab: Sleeping          |       |     1 |     6 |     1 ||     8
  Eat: Chunk             |     3 |     9 |    13 |    17 ||    42
       Ration            |       |     1 |     3 |     4 ||     8
Armor: Skin              |    27 |    60 |   116 |    91 ||   294
Dodge: Dodged            |    82 |   117 |   293 |   260 ||   752
